Map: Pillars of Gold LE

Players

Osiris

  • Race: Terran Terran
  • League: Diamond
  • Spawn Location: 1:00

probex - Winner!

  • Race: Terran Terran
  • League: Master
  • Spawn Location: 7:00

VOD

Have the link to the VOD?

Description

Time

  • Played on: Jan. 5, 2021, 4:27 a.m.
  • Length: 20:06
Show
View Real Time Build Order
Export as new Build Order

Osiris Terran 

Build Orders:  

Get SALT Encoding   

  12  0:00  SCV  
  13  0:12  SCV  
  14  0:17  Supply Depot  
  14  0:24  SCV  
  15  0:39  SCV  
  15  0:40  Barracks  
  16  0:44  Refinery  
  16  0:51  SCV  
  16  0:55  Refinery  
  17  1:03  SCV  
  18  1:15  SCV  
  19  1:28  Reaper, Orbital Command  
  20  1:41  Factory  
  20  1:48  Supply Depot  
  20  1:55  SCV  
  20  2:00  Reaper  
  22  2:07  SCV  
  23  2:19  SCV  
  24  2:25  Hellion  
  26  2:33  Command Center  
  26  2:38  Reaper  
  28  2:44  SCV  
  28  2:47  Starport  
  28  2:50  Factory Tech Lab  
  28  2:56  SCV  
  29  3:03  Supply Depot  
  29  3:08  SCV  
  29  3:10  Barracks Reactor  
  30  3:20  SCV  
  30  3:24  Starport Tech Lab, Cyclone  
  34  3:31  Refinery  
  34  3:36  SCV  
  35  3:47  Orbital Command  
  35  3:50  SCV  
  35  3:52  Marine x2  
  35  3:54  Raven  
  40  4:03  SCV  
  41  4:23  SCV  
  43  4:24  SCV  
  43  4:26  Siege Tank  
  43  4:28  Command Center  
  46  4:32  Refinery  
  46  4:35  SCV  
  46  4:37  SCV  
  46  4:38  Raven  
  50  4:52  SCV x2  
  52  4:53  Marine x2  
  54  5:03  Supply Depot  
  54  5:08  Siege Tank, SCV  
  58  5:16  SCV  
  59  5:32  SCV x2  
  59  5:35  Supply Depot  
  61  5:37  Supply Depot  
  61  5:39  Stimpack  
  61  5:41  Viking x2  
  61  5:42  Siege Tank  
  68  5:44  SCV  
  69  5:50  Orbital Command  
  69  5:52  SCV  
  69  5:56  SCV  
  71  5:57  Marine  
  72  6:04  SCV  
  72  6:24  Viking x2  
  72  6:25  Marine, Siege Tank, SCV  
  80  6:29  Barracks  
  80  6:30  Barracks, SCV  
  80  6:32  Supply Depot  
  82  6:46  Marine  
  83  6:49  SCV  
  83  6:50  Engineering Bay, SCV  
  83  6:51  Engineering Bay  
  85  6:55  Supply Depot  
  85  6:56  Supply Depot  
  85  6:57  Viking x2  
  85  7:01  SCV  
  90  7:15  Marine, Siege Tank  
  90  7:17  Terran Infantry Weapons Level 1, Terran Infantry Armor Level 1  
  90  7:19  Barracks Reactor x2  
  90  7:21  Combat Shield  
  94  7:26  Orbital Command  
  94  7:33  Viking x2  
  98  7:37  Barracks  
  98  7:38  Barracks  
  98  7:55  Marine x5  
  98  7:56  Siege Tank  
  92  8:14  Marine x4  
  92  8:15  Viking x2  
  93  8:21  Marine  
  94  8:31  Marine, Siege Tank  
  94  8:33  Barracks Reactor  
  98  8:34  Barracks Reactor  
  98  8:36  SCV x3  
  98  8:41  Armory  
  88  9:02  Marine x3  
  88  9:03  Marine x2  
  88  9:08  Medivac x2, Siege Tank  
  94  9:20  Marine x2  
  94  9:23  Marine x3  
  99  9:27  SCV x3  
  96  9:38  Marine x2  
  92  9:46  Marine x2  
  92  9:47  Medivac x2, Siege Tank  
  92  9:49  Marine x5  
  106  9:54  Factory  
  106  9:55  Terran Infantry Weapons Level 2, Marine  
  106  9:56  Terran Infantry Armor Level 2  
  106  9:58  Factory  
  107  10:03  Command Center  
  107  10:07  Marine x2  
  107  10:08  Marine x6  
  115  10:20  Siege Tank  
  118  10:21  Viking x2  
  122  10:42  Marine x3  
  124  10:43  Factory Tech Lab  
  125  10:51  Marine x5  
  125  10:53  Marine  
  108  11:00  Marine x3  
  108  11:03  Siege Tank  
  108  11:04  Siege Tank, Viking x2  
  107  11:16  Marine  
  107  11:17  Marine x5  
  107  11:18  Marine  
  114  11:20  Refinery, Planetary Fortress  
  114  11:28  Refinery  
  114  11:33  Sensor Tower  
  114  11:35  Sensor Tower  
  114  11:39  Marine x5  
  118  11:44  Marine x4  
  118  11:45  Siege Tank  
  118  11:46  Viking  
  101  11:55  Siege Tank  
  101  11:57  Marine x5  
  106  12:01  Marine x2  
  106  12:02  Marine x2  
  106  12:05  Terran Vehicle Weapons Level 1  
  110  12:11  SCV x2  
  110  12:12  SCV  
  113  12:18  Marine  
  113  12:19  Marine x5  
  113  12:20  Siege Tank  
  122  12:29  SCV  
  124  12:30  SCV x3  
  124  12:31  Siege Tank, Viking  
  124  12:32  Viking  
  124  12:33  Marine x3  
  124  12:36  Marine  
  137  12:41  Refinery, SCV  
  137  12:42  SCV  
  124  12:59  Marine x3  
  124  13:00  Marine x5  
  128  13:15  Terran Infantry Weapons Level 3  
  128  13:16  Terran Infantry Armor Level 3  
  128  13:37  Marine x3  
  128  13:38  Marine x3  
  128  13:39  Siege Tank x2  
  140  13:46  Marine  
  140  13:56  Supply Depot x2  
  140  14:07  Marine x2, SCV  
  140  14:11  Marine x2, SCV x2, Viking  
  140  14:13  Viking  
  140  14:17  Marine x5  
  140  14:18  Siege Tank x2  
  150  14:25  Marine x2  
  150  14:29  Marine x2  
  149  14:35  Marine x4  
  141  14:38  Marine  
  141  14:42  Marine  
  141  14:44  Liberator x2  
  141  14:45  Marine  
  150  14:47  Marine x2  
  149  14:53  Marine x4  
  149  14:54  SCV x2  
  155  15:00  Barracks  
  155  15:02  Barracks x2  
  143  15:09  Marine  
  143  15:10  Marine x4  
  143  15:11  Siege Tank x2  
  154  15:19  Marine x2  
  156  15:24  Supply Depot  
  156  15:25  Terran Vehicle Weapons Level 2, Marine x2, SCV  
  156  15:26  Supply Depot  
  156  15:27  Marine  
  160  15:28  Viking  
  160  15:29  Viking  
  164  15:45  Marine x6  
  165  16:13  Marine x4  
  136  16:21  Marine x2  
  136  16:22  Marine x2  
  140  16:28  Marine x4  
  140  16:29  Medivac, Siege Tank x2  
  140  16:30  Medivac  
  140  16:31  Marine x4  
  133  16:39  Marine  
  117  16:43  Orbital Command  
  117  16:46  Marine x4  
  117  16:47  Marine x3  
  116  17:09  Marine x6  
  116  17:10  Marine x2  
  116  17:13  Medivac  
  116  17:14  Medivac, Siege Tank  
  116  17:15  Marine x4, Siege Tank  
  102  17:26  Marine  
  102  17:27  Marine x3  
  97  17:35  Marine x6  
  97  17:36  Marine  
  97  17:37  Marine  
  102  17:46  Marine x4  
  88  17:52  Marine  
  88  17:53  Marine x4  
  88  17:54  Marine  
  88  17:55  Marine x2  
  81  18:03  Siege Tank  
  81  18:04  Medivac x2, Marine x4, Siege Tank  
  84  18:10  Marine x3  
  84  18:11  Marine x2, SCV x2  
  84  18:12  Marine  
  79  18:23  SCV  
  80  18:27  Orbital Command  
  80  18:28  Marine x2  
  80  18:29  Marine x2  
  84  18:38  Orbital Command  
  84  18:42  SCV x2  
  86  18:50  Marine  
  86  18:51  Marine x6  
  86  18:52  Marine, Siege Tank x2  
  86  18:53  Medivac x2  
  86  18:54  SCV x2  
  86  19:06  Marine x4  
  86  19:09  SCV x2  
  92  19:20  Marine x5  
  97  19:30  Viking x2  
  103  19:31  Siege Tank  
  103  19:47  Marine x3  
Show
View Real Time Build Order
Export as new Build Order

probex Terran - Winner!

Build Orders: Reaper Expand 

Get SALT Encoding   

  12  0:00  SCV  
  13  0:12  SCV  
  14  0:19  Supply Depot  
  14  0:24  SCV  
  15  0:40  SCV  
  15  0:41  Barracks  
  16  0:45  Refinery  
  16  0:52  SCV  
  17  1:04  SCV  
  18  1:16  SCV  
  19  1:29  Reaper, Orbital Command  
  20  1:46  Command Center  
  20  1:54  SCV  
  21  2:06  SCV, Supply Depot  
  22  2:11  Reaper  
  22  2:16  Refinery  
  22  2:19  SCV  
  22  2:22  Barracks  
  23  2:31  SCV  
  23  2:34  Factory  
  24  2:43  SCV  
  24  2:44  Barracks Reactor  
  25  2:55  SCV  
  26  2:58  Orbital Command  
  26  2:59  Bunker  
  26  3:07  SCV  
  26  3:08  Barracks Tech Lab  
  27  3:18  Factory Tech Lab  
  27  3:19  SCV  
  28  3:20  Marine x2  
  28  3:24  SCV  
  31  3:29  Stimpack  
  31  3:31  SCV  
  32  3:36  SCV  
  32  3:37  Marauder  
  35  3:43  Siege Tank  
  35  3:45  SCV  
  39  3:49  Marine x2  
  39  3:53  SCV  
  42  3:56  Supply Depot  
  42  3:57  SCV  
  42  4:00  Marauder  
  45  4:05  SCV  
  46  4:10  SCV  
  44  4:22  SCV  
  46  4:24  SCV  
  46  4:35  Siege Tank, Marine x2, SCV  
  46  4:36  Marauder  
  54  4:38  Command Center  
  54  4:43  SCV  
  54  4:45  Supply Depot  
  55  4:51  Starport  
  55  4:53  SCV  
  55  4:54  Marine  
  55  4:56  SCV  
  55  4:58  Marine  
  59  5:06  Engineering Bay, SCV  
  60  5:11  Siege Tank  
  60  5:13  SCV  
  64  5:18  Combat Shield, SCV  
  65  5:25  Marine x2  
  65  5:28  SCV  
  68  5:29  Starport Reactor  
  68  5:32  Marine  
  68  5:33  SCV  
  70  5:42  Terran Infantry Weapons Level 1  
  70  5:45  Missile Turret  
  70  5:46  Engineering Bay  
  70  5:49  Refinery  
  70  5:50  Marine, SCV x2  
  70  5:51  Refinery  
  70  5:52  Orbital Command  
  73  5:58  Marauder  
  73  6:02  SCV  
  76  6:10  SCV  
  76  6:11  Marine x2  
  77  6:12  Medivac, Orbital Command  
  77  6:15  SCV  
  80  6:22  SCV  
  81  6:27  SCV  
  81  6:28  Siege Tank  
  85  6:43  SCV x3  
  85  6:46  Sensor Tower  
  88  6:47  Medivac  
  88  6:53  Marine x2  
  92  6:55  SCV  
  92  7:00  Barracks  
  92  7:01  Terran Infantry Armor Level 1, Barracks  
  93  7:02  Barracks  
  93  7:19  Supply Depot x2  
  93  7:22  Marine x2  
  93  7:23  Marauder, Siege Tank, SCV  
  93  7:29  Command Center  
  101  7:35  SCV  
  101  7:38  SCV  
  101  7:40  Medivac, Marine, SCV  
  101  7:43  Armory, Marine  
  106  7:44  Marauder  
  106  7:47  Orbital Command, SCV  
  108  7:52  SCV  
  91  8:16  Marine  
  91  8:17  Marauder, Marine  
  84  8:23  Barracks Reactor  
  84  8:25  Barracks Reactor  
  84  8:26  Barracks Reactor  
  81  8:27  SCV  
  81  8:30  Supply Depot  
  81  8:31  Supply Depot  
  81  8:34  Marine, Orbital Command, Supply Depot  
  83  8:36  Supply Depot  
  83  8:38  Marauder  
  85  8:44  Marine  
  87  8:48  SCV  
  87  8:51  Terran Infantry Weapons Level 2, Marine  
  87  8:53  SCV  
  87  8:54  Supply Depot  
  87  8:55  Supply Depot  
  87  8:59  Marauder  
  87  9:00  SCV  
  86  9:07  Marine x3  
  86  9:08  Marine x4  
  86  9:09  Marine, SCV  
  94  9:14  SCV  
  93  9:21  Marauder  
  88  9:25  Marine x3  
  88  9:26  Marine x2  
  79  9:31  SCV x2  
  79  9:32  Marine x3, SCV  
  84  9:42  Marauder  
  84  9:43  Marine x2  
  84  9:44  Medivac x2  
  84  9:45  Terran Infantry Armor Level 2, SCV x2  
  92  9:55  Marine x2  
  91  10:01  Orbital Command  
  91  10:04  Marine x6  
  97  10:07  Marauder  
  97  10:08  SCV  
  97  10:09  SCV  
  97  10:10  Supply Depot  
  97  10:12  Marine, Supply Depot  
  97  10:13  Marine  
  103  10:14  Medivac  
  103  10:20  SCV, Siege Tank  
  103  10:21  Marine, SCV  
  110  10:22  Marine x4  
  110  10:26  Supply Depot  
  110  10:27  SCV  
  115  10:29  Marauder  
  115  10:33  SCV x2  
  119  10:36  Marine  
  119  10:39  Marine x2  
  119  10:40  SCV  
  119  10:41  Marine x3  
  124  10:50  Marauder  
  110  11:02  Marine  
  110  11:03  Marine x7  
  112  11:04  Siege Tank  
  112  11:05  Medivac x2  
  112  11:07  SCV  
  120  11:11  Marine  
  121  11:20  Marine x2  
  121  11:21  Command Center  
  121  11:22  Marine  
  121  11:23  Marine x5  
  129  11:27  Terran Infantry Weapons Level 3  
  129  11:29  Marine  
  129  11:31  Refinery  
  130  11:37  Siege Tank  
  130  11:38  Marine x2  
  134  11:40  Marine  
  101  11:54  Marine  
  101  11:55  Marauder  
  101  12:01  Medivac x2, Marine  
  100  12:03  SCV  
  100  12:04  Marine  
  100  12:05  Marine x5  
  108  12:09  Siege Tank  
  108  12:10  Supply Depot  
  108  12:12  Marine  
  112  12:16  Marine  
  112  12:17  SCV  
  112  12:19  Marine  
  112  12:22  Marine  
  115  12:23  Marine  
  115  12:24  Refinery, Marine  
  115  12:29  Command Center  
  118  12:31  Medivac  
  118  12:33  Marine  
  118  12:34  Marauder  
  118  12:36  Medivac  
  125  12:40  Sensor Tower  
  125  12:41  Siege Tank  
  127  12:46  Marine  
  125  12:56  Marauder  
  109  13:04  Marine x8  
  103  13:16  Marine  
  104  13:21  Planetary Fortress, Marine  
  104  13:22  SCV x2  
  107  13:27  Medivac x2  
  107  13:28  Marine x7  
  107  13:31  Terran Infantry Armor Level 3  
  118  13:35  Marauder  
  118  13:39  Marine  
  120  13:46  Marine x4  
  119  13:48  SCV  
  119  13:51  Siege Tank  
  119  13:54  SCV  
  124  13:57  Medivac x2, Marine  
  124  13:58  Marauder  
  114  14:17  SCV  
  114  14:27  Medivac x2, Siege Tank  
  120  14:31  Marine x2  
  120  14:32  Marauder, Marine  
  123  14:40  Marine x5, SCV  
  123  14:42  Orbital Command  
  129  14:45  Orbital Command  
  129  14:52  Marine  
  129  14:53  Marauder  
  129  14:57  Medivac  
  129  14:59  Siege Tank  
  122  15:08  Marine  
  122  15:09  Marine x6  
  122  15:10  Marine  
  122  15:11  SCV  
  122  15:12  SCV  
  132  15:15  SCV  
  132  15:16  Refinery x2  
  132  15:20  Refinery  
  133  15:21  Refinery  
  133  15:25  Marine  
  133  15:26  Medivac  
  134  15:31  Siege Tank  
  137  15:40  Orbital Command  
  133  15:43  Marine  
  133  15:44  Marine x8  
  127  15:55  Medivac  
  129  16:01  Marine  
  129  16:02  Marine  
  129  16:03  Marauder, Siege Tank  
  129  16:04  Marine x6  
  118  16:19  Marine  
  118  16:20  Marine  
  118  16:21  Marine  
  118  16:22  Marine x3  
  118  16:24  Marauder  
  126  16:32  Marine  
  94  16:36  SCV x2  
  93  16:43  SCV  
  93  16:44  Marine  
  93  16:45  Marauder, Marine x2  
  93  16:46  Marine  
  100  16:47  Marine x3  
  100  16:49  Marine  
  104  16:56  SCV x2  
  104  17:01  SCV  
  104  17:07  Marauder  
  103  17:12  SCV  
  103  17:15  SCV x2  
  98  17:16  SCV  
  99  17:24  SCV  
  99  17:27  SCV  
  99  17:29  Marine x8  
  109  17:30  Marauder  
  109  17:36  SCV  
  112  17:39  SCV  
  113  17:46  Marine  
  113  17:47  Marine x2  
  99  17:51  Marauder  
  99  17:52  Marine  
  96  18:04  Marine  
  96  18:05  Marine x6  
  103  18:10  Marine  
  96  18:13  Marauder  
  95  18:22  Marine  
  95  18:23  Marine x5  
  95  18:24  Marine  
  95  18:25  Medivac x2  
  95  18:26  Siege Tank  
  109  18:28  Marine, SCV x3  
  109  18:30  Refinery  
  109  18:31  SCV  
  109  18:34  Marine  
  114  18:40  Marine, SCV x2  
  118  18:47  Marine  
  116  18:52  Marauder  
  117  19:01  Marine  
  117  19:02  Marine x6  
  119  19:05  Marine  
  119  19:08  Medivac  
  119  19:09  Medivac  
  124  19:13  Marine  
  124  19:15  Siege Tank  
  124  19:17  SCV  
  129  19:19  Marine x2  
  131  19:24  Marine  
  131  19:28  Marine  
  131  19:29  Marine x4  
  134  19:31  Marauder  
  134  19:37  Marine x2, Command Center  
  136  19:42  Marine  
  134  19:46  Marine  
Tags
 
Add a new tag
Caveats
  • Supply blocks, unpowered buildings, or Contaminate may cause inaccurate times.
  • Supply counts are checked every 10 seconds.